Map: Proxima Station LE

Players

Elazer

  • Race: Zerg Zerg
  • Spawn Location: 7:00

HeroMarine - Winner!

  • Race: Terran Terran
  • Spawn Location: 1:00

Event: IEM XI Katowice - World Championship 2017

VOD

Have the link to the VOD?

Description

Time

  • Played on: Feb. 27, 2017, 11:44 a.m.
  • Length: 7:52

All games in this series

Show
View Real Time Build Order
Export as new Build Order

Elazer Zerg 

Build Orders: Pool Only, Ravager All-In 

Get SALT Encoding   

  12  0:18  Spawning Pool  
  11  0:21  Drone  
  11  0:25  Drone  
  13  0:31  Drone  
  13  0:35  Extractor  
  13  0:37  Drone  
  13  0:41  Extractor  
  13  0:44  Drone  
  14  1:04  Roach Warren  
  14  1:05  Drone  
  14  1:12  Overlord  
  14  1:26  Overlord  
  14  1:44  Roach x2  
  18  1:48  Roach  
  20  1:59  Roach  
  22  2:06  Ravager x2  
  24  2:12  Roach  
  26  2:18  Ravager  
  27  2:24  Roach  
  29  2:38  Ravager  
  30  2:46  Overlord  
  30  3:09  Roach  
  32  3:17  Roach x2  
  36  3:25  Roach  
  38  3:37  Roach  
  32  3:42  Roach  
  31  3:53  Roach  
  31  4:03  Ravager  
  31  4:06  Roach  
  34  4:11  Ravager  
  34  4:12  Ravager  
  34  4:14  Ravager  
  37  4:23  Overlord  
  37  4:37  Overlord  
  34  4:48  Roach  
  29  5:00  Ravager x2  
  29  5:01  Ravager  
  29  5:06  Roach  
  32  5:17  Roach  
  32  5:20  Ravager  
  32  5:32  Roach  
  34  5:37  Roach  
  36  5:52  Roach  
  38  5:59  Ravager  
  38  6:00  Roach  
  38  6:21  Roach x2  
  39  6:29  Ravager x2  
  41  6:36  Roach  
  43  6:50  Overlord  
  43  7:00  Overlord  
  43  7:10  Ravager x2  
  43  7:12  Ravager  
  46  7:21  Roach  
  48  7:32  Roach  
Show
View Real Time Build Order
Export as new Build Order

HeroMarine Terran - Winner!

Build Orders: Reaper Expand 

Get SALT Encoding   

  12  0:00  SCV  
  13  0:13  SCV  
  14  0:17  Supply Depot  
  14  0:25  SCV  
  15  0:39  SCV  
  15  0:40  Barracks  
  16  0:43  Refinery  
  16  0:51  SCV  
  17  1:03  SCV  
  18  1:15  SCV  
  19  1:27  Reaper  
  19  1:28  Orbital Command  
  20  1:40  Command Center  
  20  1:52  Supply Depot  
  20  1:53  SCV  
  21  1:59  Marine  
  22  2:05  SCV  
  23  2:17  Factory, SCV  
  23  2:21  Barracks Reactor  
  24  2:29  SCV  
  25  2:32  Refinery  
  25  2:35  Marine, Bunker  
  26  2:41  SCV  
  26  2:43  Bunker  
  27  2:53  Marine, SCV, Orbital Command  
  24  3:05  SCV  
  24  3:11  Marine, Cyclone  
  24  3:29  Marine  
  21  3:44  Cyclone  
  21  3:46  Marine  
  18  3:55  SCV  
  18  3:58  SCV  
  19  4:07  SCV  
  20  4:10  SCV  
  20  4:11  Marine  
  20  4:16  Supply Depot, Cyclone  
  25  4:19  SCV  
  25  4:22  SCV  
  27  4:31  SCV  
  28  4:34  Marine  
  28  4:35  SCV  
  30  4:42  Bunker  
  30  4:43  SCV  
  31  4:47  SCV  
  31  4:52  Marine  
  28  4:55  SCV  
  28  4:59  SCV  
  30  5:07  SCV  
  30  5:11  SCV  
  31  5:19  SCV  
  31  5:21  Bunker  
  32  5:23  SCV  
  33  5:30  Cyclone  
  33  5:33  SCV  
  33  5:34  Marine  
  38  5:40  SCV  
  38  5:46  SCV  
  37  5:52  Marine, SCV  
  37  5:58  SCV  
  37  6:02  Cyclone  
  40  6:04  SCV  
  40  6:10  SCV  
  42  6:16  SCV  
  43  6:19  Marine  
  43  6:22  SCV  
  44  6:28  SCV  
  45  6:34  SCV  
  45  6:38  Marine  
  46  6:50  Supply Depot  
  46  6:52  Bunker  
  46  7:00  Supply Depot  
  46  7:03  Barracks Tech Lab  
  46  7:09  SCV  
  46  7:12  SCV, Cyclone  
  50  7:21  SCV  
  53  7:24  SCV  
  53  7:27  Barracks  
  53  7:28  Barracks  
  53  7:29  Marauder  
  54  7:33  SCV  
  54  7:35  Starport  
  54  7:36  SCV  

Tags
 
Add a new tag
Caveats
  • Supply blocks, unpowered buildings, or Contaminate may cause inaccurate times.
  • Supply counts are checked every 10 seconds.